 Dungeon Crawl Stone Soup version 0.30-a0-862-g1aabd4f9c5 (webtiles) character file.

Game seed: 10867715640829089490

43 Esekla the Sneak (level 3, -1/26 HPs)
             Began as an Octopode Delver on Mar 10, 2023.
             Slain by a gnoll
             ... wielding a +1 flail of draining
              (11 damage)
             ... on level 5 of the Dungeon.
             The game lasted 00:02:24 (252 turns).

Esekla the Sneak (Octopode Delver)                   Turns: 252, Time: 00:02:24

Health: -1/26      AC:  1    Str: 11    XL:     3   Next: 58%
Magic:  3/3        EV: 13    Int: 14    God:
Gold:   28         SH:  0    Dex: 13    Spells: 2/2 levels left

rFire   . . .      SeeInvis .    a - +0 falchion
rCold   . . .      Faith    .    (no shield)
rNeg    . . .      Spirit   .    (helmet restricted)
rPois   .          Reflect  .    (no amulet)
rElec   .          Rampage  .    (no ring)
rCorr   .                        (no ring)
Will    .....                    (no ring)
Stlth   +++++                    (no ring)
HPRegen 0.24/turn                (no ring)
MPRegen 0.08/turn                (no ring)
                                 (no ring)
                                 (no ring)

@: no status effects
A: almost no armour, amphibious, 8 rings, camouflage 1, gelatinous body 1,
(nimble swimmer 1), tentacles
a: no special abilities


You were on level 5 of the Dungeon.
You visited 1 branch of the dungeon, and saw 1 of its levels.

You collected 28 gold pieces.

Inventory:

Hand Weapons
 a - a +0 falchion (weapon)
Wands
 f - a wand of digging (3)
Scrolls
 b - a scroll of fog
 d - a scroll of fear
Potions
 c - 2 potions of brilliance {unknown}
 e - 2 potions of haste


   Skills:
 * Level 3.2 Fighting
 * Level 2.1 Long Blades
 * Level 2.2 Dodging
 + Level 7.5 Stealth
 * Level 0.4 Spellcasting


You had 2 spell levels left.
You didn't know any spells.
Your spell library was empty.

Dungeon Overview and Level Annotations

Branches:
Dungeon (5/15)
 Temple: D:4-7

Altars:
Elyvilon
Trog


Innate Abilities, Weirdness & Mutations

You cannot wear most types of armour.
You are amphibious.
You can wear up to eight rings at the same time.
Your skin changes colour to match your surroundings (Stealth+).
Your rubbery body absorbs attacks. (AC +1, EV +1)
((You are camouflaged when in or above water. (Stealth+)))
You have tentacles for arms and can constrict up to eight enemies at once.


Message History

An orc comes into view. It is wielding a +0 flail.
e - 2 potions of haste (gained 1)
You see here a bubbling coppery potion.
c - 2 bubbling coppery potions (gained 1)
You hit the gnoll but do no damage. Your grab misses the gnoll.
The gnoll barely misses you.
You slash the gnoll! You grab the gnoll.
The gnoll is severely wounded.
You constrict the gnoll, but do no damage.
The gnoll hits you with a +0 club.
You slash the gnoll!
You kill the gnoll!
The orc hits you with a +0 flail.
You have reached level 3!
Your experience leads to an increase in your attributes!
Increase (S)trength, (I)ntelligence, or (D)exterity?
You feel clever. x2
You hit the orc. Your grab misses the orc. Your squeeze misses the orc.
The orc is heavily wounded.
The gnoll barely misses you. The orc barely misses you.
You hit the orc. You grab the orc. Your squeeze misses the orc.
The orc is almost dead.
You constrict the orc.
You kill the orc!
The gnoll closely misses you. The gnoll barely misses you.
A gnoll comes into view. It is wielding a +1 flail of draining.
Items here: )) ††.
You barely miss the gnoll.
The gnoll shouts!
You grab the gnoll. You squeeze the gnoll!
The gnoll is severely wounded.
You constrict the gnoll, but do no damage.
The gnoll hits you with a +0 spear.
You hit the gnoll.
You kill the gnoll!
You hit the gnoll but do no damage. You grab the gnoll.
You constrict the gnoll.
The gnoll hits you with a +1 flail of draining!
You die...

******* ,,,,,,* *###* ,,,,,,*
*..,* +***,,* *.#,* ,,,*,,*
****####.#,* ,,,*,,*
*,,,#....#,**#####
_,,*,,*****,*,##@###,,,,g..#
,,,*,,+,,g.)#.##g#########.######
,,,*,,****#g.....................
****,,* #o.##############.......
,^,,,,* **,** #######. *****,*
*,,* ###. *,***,** #... *,**,,*
#.#. *,**,** #...


You could see a gnoll.

Vanquished Creatures
  2 gnolls (D:5)
  2 adders (D:5)
  2 orcs (D:5)
  A quokka (D:5)
7 creatures vanquished.

Vanquished Creatures (others)
  12 plants (D:5)
12 creatures vanquished.

Grand Total: 19 creatures vanquished

Notes
Turn   | Place    | Note
-------+----------+-------------------------------------------
     0 | D:5      | Esekla the Octopode Delver began the quest for the Orb.
     0 | D:5      | Reached XP level 1. HP: 16/16 MP: 1/1
     4 | D:5      | Noticed a sleepcap
    21 | D:5      | Found a white marble altar of Elyvilon.
    46 | D:5      | Found a bloodstained altar of Trog.
    46 | D:5      | Noticed a black bear
    46 | D:5      | Noticed a black bear
    46 | D:5      | Noticed an iguana
   156 | D:5      | Reached skill level 7 in Stealth
   156 | D:5      | Reached XP level 2. HP: 19/21 MP: 2/2
   247 | D:5      | Reached XP level 3. HP: 15/26 MP: 3/3
   252 | D:5      | Slain by a gnoll

Illustrated notes

Levels and vault maps discovered:
D:5:      layout_basic, amcnicky_altar_gilded, nicolae_elyvilon_temple_path,
          trog_ov_bears_minmay, minivault_26

Skill      XL: |  1 |
---------------+----+-----
Stealth        | 7 |  7.5
Fighting       | |  3.2
Long Blades    | |  2.1
Dodging        | |  2.2
Spellcasting   | |  0.4

Action                     || total
---------------------------++-------
  Melee: Falchion          ||    15
         Constrict         ||     8
         Tentacles         ||     5
    Use: Scroll            ||     1
   Stab: Sleeping          ||     1
  Dodge: Dodged            ||     7

Table legend: (Time is in decaauts)
 A = Elapsed time spent in this place.
 B = Non-inter-level travel time spent in this place.
 C = Inter-level travel time spent in this place.
 D = Time resting spent in this place.
 E = Time spent auto-exploring this place.
 F = Levels seen in this place.
 G = Mean time per level.
                   A        B        C        D        E       F      G
               +--------+--------+--------+--------+--------+-----+--------+
         Total |    254 |    254 |      0 |     39 |      0 |   1 |  254.0 |
       Dungeon |    254 |    254 |      0 |     39 |      0 |   1 |  254.0 |
               +--------+--------+--------+--------+--------+-----+--------+

Top non-repeatable levels by time:
     D:5: 254 daAuts
